 Dungeon Crawl Stone Soup version 0.25-a0-42-g6c54e25 (webtiles) character file.

Game seed: 10425507647987182313, levelgen mode: deterministic

66 Laraso the Slasher (level 3, 21/29 HPs)
             Began as a Demonspawn Chaos Knight on Oct 22, 2019.
             Was a Plaything of Xom.
             Quit the game on level 2 of the Dungeon.
             The game lasted 00:01:48 (1237 turns).

Laraso the Slasher (Demonspawn Chaos Knight)        Turns: 1237, Time: 00:01:48

Health: 21/29      AC:  7    Str: 12    XL:     3   Next: 96%
Magic:  3/3        EV: 11    Int: 13    God:    Xom [...*..]
Gold:   74         SH:  0    Dex: 13    Spells: 2/2 levels left

rFire    . . .     SeeInvis .   a - +0 falchion (chaos)
rCold    . . .     Gourm    .   (no shield)
rNeg     . . .     Faith    .   b - +2 leather armour
rPois    .         Spirit   .   (no helmet)
rElec    .         Reflect  .   (no cloak)
rCorr    .         Harm     .   (no gloves)
MR       .....                  (no boots)
Stlth    +.........             (no amulet)
HPRegen  0.09/turn              (no ring)
MPRegen  0.08/turn              (no ring)

@: no status effects
A: yellow scales 1
a: Renounce Religion


You were on level 2 of the Dungeon.
You worshipped Xom.
You were a favourite toy of Xom.
You were not hungry.

You visited 1 branch of the dungeon, and saw 2 of its levels.

You collected 74 gold pieces.

Inventory:

Hand Weapons
 a - a +0 falchion of chaos (weapon)
Armour
 b - a +2 leather armour (worn)
Scrolls
 i - a scroll of remove curse
Potions
 e - 3 potions of invisibility
 f - a potion of haste
 h - a potion of curing
 j - a potion of degeneration {unknown}
Comestibles
 c - 3 rations
 d - 16 chunks of flesh


   Skills:
 - Level 3.0 Fighting
 * Level 4.4 Long Blades
 - Level 1.7 Armour
 - Level 0.8 Dodging


You had 2 spell levels left.
You didn't know any spells.
Your spell library was empty.

Dungeon Overview and Level Annotations

Branches:
Dungeon (2/15)

Altars:


Innate Abilities, Weirdness & Mutations

You are partially covered in yellow scales. (AC +2)


Message History

You hit the goblin. You burn the goblin. The goblin closely misses you.
You barely miss the goblin. The goblin hits you but does no damage.
You barely miss the goblin. The goblin barely misses you.
The goblin closely misses you.
You barely miss the goblin.
A goblin comes into view.
The goblin hits you with a +0 dagger of speed.
* * * LOW HITPOINT WARNING * * *
You take 3 damage, and have 15/29 hp.
The goblin shouts!
You slash the goblin!
You feel better.
You kill the goblin!
You slash the goblin!
You kill the goblin!
You hit the goblin.
You feel better. The goblin closely misses you.
You riposte.
You hit the goblin.
You kill the goblin!
You regained 2 hp, and now have 18/29 hp.
You miss the goblin. The goblin closely misses you.
You barely miss the goblin. The goblin hits you but does no damage.
You barely miss the goblin. The goblin barely misses you.
You riposte.
You closely miss the goblin. You hit the goblin.
The goblin is poisoned.
You kill the goblin!
The goblin wields a +0 hunting sling.
The goblin shoots a stone.
The stone hits you but does no damage.
The goblin unwields a +0 hunting sling.
The goblin barely misses you.
Items here: )))))))) [[ ††††††† You closely miss the goblin.
The goblin closely misses you.
You hit the goblin. You burn the goblin.
You kill the goblin!
Things that are here:
a +0 hunting sling; 21 stones There isn't anything to butcher here.
There isn't anything to butcher here.
Items here: )))))))) [[ ††††††† You butcher the goblin corpse.
d - 4 chunks of flesh (gained 3)
Items here: )))))))) [[ ÷ †††††† You butcher the goblin corpse.
d - 7 chunks of flesh (gained 3)
Items here: )))))))) [[ ÷÷ ††††† You butcher the goblin corpse.
d - 8 chunks of flesh (gained 1)
Items here: )))))))) [[ ÷÷÷ †††† You butcher the goblin corpse.
d - 11 chunks of flesh (gained 3)
Items here: )))))))) [[ ÷÷÷÷ ††† You butcher the hobgoblin corpse.
d - 14 chunks of flesh (gained 3)
Items here: )))))))) [[ ÷÷÷÷÷ †† You butcher the goblin corpse.
d - 15 chunks of flesh (gained 1)
Items here: )))))))) [[ ÷÷÷÷÷÷ † You butcher the goblin corpse.
d - 16 chunks of flesh (gained 1)
Items here: )))))))) [[ ÷÷÷÷÷÷÷ There isn't anything to butcher here.
There isn't anything to butcher here.
Okay, then.

#. #.##.##.# #.
#.##.##.#
##.###########
#.##<##.# .. ..#......#
#.##.##.# #. #.#.####.#
#.......#
#.##.#.####.##
####)####
#...g........# #.#
.#####.#.####..######.#
.......#.####..)@(....#
########......#########
########


There were no monsters in sight!

Vanquished Creatures
  Robin (D:2)
  2 oozes (D:1)
  A leopard gecko (D:1)
  2 giant cockroaches (D:1)
  13 goblins
  4 hobgoblins (D:2)
  2 jackals (D:1)
  3 kobolds (D:1)
  3 bats (D:1)
  A frilled lizard (D:1)
  9 rats (D:1)
41 creatures vanquished.

Notes
Turn   | Place    | Note
-------+----------+-------------------------------------------
     0 | D:1      | Laraso the Demonspawn Chaos Knight began the quest for the
                  | Orb.
     0 | D:1      | Reached XP level 1. HP: 18/18 MP: 1/1
    27 | D:1      | Reached skill level 3 in Long Blades
    34 | D:1      | Gained mutation: You are partially covered in yellow
                  | scales. (AC +2) [demonic ancestry]
    34 | D:1      | Reached XP level 2. HP: 12/24 MP: 2/2
   274 | D:1      | XOM: silly message
   622 | D:1      | Reached XP level 3. HP: 25/29 MP: 3/3
   695 | D:1      | XOM: cloud trail
   755 | D:1      | XOM: divination: magic mapping
   865 | D:2      | XOM: medium Conj miscast
   865 | D:2      | HP: 7/29 [something (22)]
  1112 | D:2      | Reached skill level 4 in Long Blades
  1179 | D:2      | XOM: blink monster(s)
  1183 | D:2      | Noticed Robin
  1194 | D:2      | Killed Robin
  1237 | D:2      | Quit the game

Levels and vault maps discovered:
D:1:      dpeg_arrival_ratfight, layout_basic
D:2:      layout_loops_cross, grunt_temple_overflow_order_and_chaos_2,
          first_ration, trog_three_pillars_becter, uniq_robin

Skill      XL: |  1  2  3 |
---------------+----------+-----
Long Blades    | 3 4 |  4.4
Fighting       | |  3.0
Armour         | |  1.7
Dodging        | |  0.8

Action                   || total
-------------------------++-------
Melee: Falchion          ||   121
  Use: Scroll            ||     7
  Eat: Chunk             ||     1
Armor: Leather armour    ||    47
Dodge: Dodged            ||    75
       Rpst.: Falchion   ||    22

Table legend:
 A = Non-vault XP
 B = Vault XP
 C = Vault XP percentage of total XP
 D = Non-vault monster count
 E = Vault monster count
 F = Vault count percentage of total count
                 A         B        C        D         E       F
            +---------+---------+-------+---------+---------+-------
      Total |      50 |      45 |  47.4 |      23 |      18 |  43.9
            +---------+---------+-------+---------+---------+-------
        D:1 |      46 |       5 |   9.8 |      21 |       5 |  19.2
        D:2 |       4 |      40 |  90.9 |       2 |      13 |  86.7
            +---------+---------+-------+---------+---------+-------

Table legend:
 A = Kills in this place as a percentage of kills in entire the game.
 B = Kills by you in this place as a percentage of kills by you in the entire game.
 C = Kills by friends in this place as a percentage of kills by friends in the entire game.
 D = Other kills in this place as a percentage of other kills in the entire game.
 E = Experience gained in this place as a percentage of experience gained in the entire game.
 F = Experience gained in this place divided by the number of levels of this place that you have seen.
                   A       B       C       D       E      F
               +-------+-------+-------+-------+-------+----------------------
         Total | 100.0 | 100.0 |   N/A |   N/A | 100.0 |  47.5
       Dungeon | 100.0 | 100.0 |   N/A |   N/A | 100.0 |  47.5
               +-------+-------+-------+-------+-------+----------------------

Table legend:
 A = Turns spent in this place as a percentage of turns spent in the entire game.
 B = Non-inter-level travel turns spent in this place as a percentage of non-inter-level travel turns spent in the entire game.
 C = Inter-level travel turns spent in this place as a percentage of turns spent in this place.
 D = Turns resting spent in this place as a percentage of non-inter-level travel turns spent in this place.
 E = Turns spent auto-exploring this place as a percentage of non-inter-level travel turns spent in this place.
 F = Non-inter-level travel turns spent in this place divided by the number of levels of this place that you've seen.
                   A       B       C       D       E      F
               +-------+-------+-------+-------+-------+----------------------
         Total | 100.0 | 100.0 |   1.1 |  42.9 |  29.8 | 611.5
       Dungeon | 100.0 | 100.0 |   1.1 |  42.9 |  29.8 | 611.5
               +-------+-------+-------+-------+-------+----------------------

Levels and vault maps discovered:
D:1:      dpeg_arrival_ratfight, layout_basic
D:2:      layout_loops_cross, grunt_temple_overflow_order_and_chaos_2,
          first_ration, trog_three_pillars_becter, uniq_robin
